 Dungeon Crawl Stone Soup version 0.31-a0-963-ga325b2283a (webtiles) character file.

Game seed: 4113065506124075823

4403 Sanktem7 the Cleaver (level 10, -15/88 HPs)
             Began as a Minotaur Fighter on Oct 26, 2023.
             Demolished by an orc knight
             ... wielding a +0 glaive
              (21 damage)
             ... in a bailey.
             The game lasted 00:15:07 (6802 turns).

Sanktem7 the Cleaver (Minotaur Fighter)             Turns: 6802, Time: 00:15:08

Health: -15/88     AC: 18    Str: 26    XL:     10   Next: 13%
Magic:  9/9        EV:  7    Int:  5    God:
Gold:   396        SH:  5    Dex:  9    Spells: 9/9 levels left

rFire   . . .        a - +0 war axe {axe}
rCold   . . .        c - +0 buckler
rNeg    . . .        p - +0 plate armour
rPois   .            (helmet restricted)
rElec   .            H - +1 cloak
rCorr   .            y - +0 pair of gloves
SInv    +            x - +0 pair of boots
Will    .....        (no amulet) Stlth
                     b - ring of see invisible
HPRegen 0.34/turn    Q - ring of flight
MPRegen 0.11/turn

%: no passive effects
@: flying
A: horns 2, retaliatory headbutt
a: no special abilities


You were in a bailey.
You visited 1 branch of the dungeon, and saw 7 of its levels.
You also visited: Bailey.

You collected 396 gold pieces.


Innate Abilities, Weirdness & Mutations

You have a pair of horns on your head.
You reflexively headbutt those who attack you in melee.


   Skills:
 + Level 8.2 Fighting
 * Level 10.6 Axes
 + Level 5.8 Throwing
 + Level 8.0 Armour
 + Level 8.0 Shields


You had 9 spell levels left.
You didn't know any spells.
Your spell library contained the following spells:

 Spells                   Type           Power      Damage    Failure   Level
 Magic Dart               Conj           0%         1d3       100%        1
 Call Imp                 Summ           0%         N/A       100%        2
 Hailstorm                Conj/Ice       0%         3d3       100%        3
 Mephitic Cloud           Conj/Pois/Air  0%         N/A       100%        3
 Stone Arrow              Conj/Erth      0%         3d7       100%        3
 Animate Armour           Summ/Erth      0%         N/A       100%        4
 Passage of Golubria      Tloc           0%         N/A       100%        4
 Summon Ice Beast         Ice/Summ       0%         N/A       100%        4
 Silence                  Hex/Air        0%         N/A       100%        5
 Simulacrum               Ice/Necr       0%         N/A       100%        6
 Lehudib's Crystal Spear  Conj/Erth      0%         10d2      100%        8

Inventory:

Hand Weapons
 a - a +0 war axe (weapon) {axe}
 z - a +0 mace of holy wrath {mace}
   (You found it on level 3 of the Dungeon)
Missiles
 i - 4 boomerangs {throwing}
 m - 10 poisoned darts (quivered) {throwing}
 o - 50 stones {throwing}
 G - 2 curare-tipped darts {=fthrowing}
Armour
 c - a +0 buckler (worn)
 p - a +0 plate armour (worn)
   (You found it on level 1 of the Dungeon)
 x - a +0 pair of boots (worn)
   (You found it on level 3 of the Dungeon)
 y - a +0 pair of gloves (worn)
   (You found it on level 3 of the Dungeon)
 H - a +1 cloak (worn)
   (You took it off Crazy Yiuf on level 4 of the Dungeon)
Magical Staves
 j - a staff of cold {!astaff}
   (You found it on level 1 of the Dungeon)
Jewellery
 b - a ring of see invisible (left hand)
   (You found it on level 1 of the Dungeon)
 J - a +6 ring of dexterity
   (You found it on level 5 of the Dungeon)
 Q - a ring of flight (right hand)
   (You found it on level 7 of the Dungeon)
Wands
 t - a wand of roots (6)
   (You found it on level 2 of the Dungeon)
 I - a wand of flame (24)
   (You took it off Crazy Yiuf on level 4 of the Dungeon)
 K - a wand of polymorph (13)
   (You found it on level 5 of the Dungeon)
Scrolls
 e - a scroll of silence {unknown}
 f - a scroll of poison {unknown}
 g - a scroll of butterflies {unknown}
 n - 3 scrolls of fog {unknown}
 q - 3 scrolls of teleportation {unknown}
 r - a scroll of noise {unknown}
 w - a scroll of enchant weapon {unknown}
 A - 4 scrolls of identify {unknown}
 D - 2 scrolls of enchant armour {unknown}
 E - a scroll of fear {unknown}
 L - a scroll of acquirement {unknown}
 N - 3 scrolls of revelation {unknown}
 O - a scroll of immolation {unknown}
 P - a scroll of vulnerability {unknown}
Potions
 d - a potion of might
 h - 2 potions of invisibility {unknown}
 k - a potion of curing {unknown}
 l - 4 potions of lignification {unknown}
 s - a potion of berserk rage {unknown}
 u - 2 potions of attraction {unknown}
 v - 3 potions of haste {unknown}
 B - a potion of mutation {unknown}
 F - 2 potions of brilliance {unknown}
 M - a potion of cancellation {unknown}

Dungeon Overview and Level Annotations

Branches:
Dungeon (7/15) Zot: 26382  Bailey (1/1) Zot: 5571
 Temple: D:4-7

Altars:
Gozag
Sif Muna
Uskayaw

.......#..##)#)##..#.............
......##.#########.##............
......##.')#!.)#.'.##............
......##.###.8.###.##............
......##.')#.(.#)'.##............
......##.####(####.##............
......##..##∩:∩##..#.............
..........##''o#o.##.............
..........##..o(@##.....)........
≈≈.≈≈≈....##....##...≈≈≈)≈≈......
≈#.##≈....#######....≈##.#≈≈.....
##.∩#≈...............≈#∩.##≈.....
#..)))...................)#≈.....
##.##≈...............≈##.##≈.....
≈###≈≈...............≈≈###≈≈.....
≈≈≈≈≈.................≈≈≈≈≈......
.................................


You could see 3 orc knights.


Message History

You headbutt the orc warrior, but do no damage.
The orc warrior hits you but does no damage. 😕 HP[+1]
You closely miss the orc warrior.
You headbutt the orc warrior, but do no damage.
The orc warrior hits you but does no damage.
You hit the orc warrior but do no damage.
Your headbutt misses the orc warrior.
The orc warrior hits you but does no damage.
You barely miss the orc warrior. You headbutt the orc warrior.
The orc warrior closely misses you. 😕 HP[+1]
You hit the orc warrior but do no damage.
The orc warrior closely misses you.
You completely miss the orc warrior.
The orc warrior hits you with a +0 trident. 😕 HP[-5]
You take 5 damage, and now have 72/88 hp.
You slash the orc warrior!
The orc warrior hits you but does no damage. 😕 HP[+1]
You barely miss the orc warrior.
You headbutt the orc warrior, but do no damage.
The orc warrior completely misses you.
You completely miss the orc warrior.
The orc warrior hits you but does no damage.
You completely miss the orc warrior. Your headbutt misses the orc warrior.
The orc warrior hits you but does no damage. 😕 HP[+1]
You slash the orc warrior!
You kill the orc warrior!
Things that are here:
a +0 trident {polearm}; a +0 chain mail; an orc corpse 😕 HP[+1]
There is an open door here.
As you open the gate, it creaks loudly!
You hear a shout!
An orc knight opens the door.
An orc knight comes into view. It is wielding a +0 halberd.
The orc knight shouts!
Found three items.
Found two gates leading back out of this place.
An orc knight comes into view. It is wielding a +0 glaive. 😎 HP[+13]
Your hp is fully restored (88).
There are no items here.
Okay, then.
Throw: 14 darts (poison) {throwing}
Press: ? - help, Q - select action, (/) - cycle Shift-Dir - straight line, f - orc knight
Aim: an orc knight, wielding a +0 glaive and wearing a +0 chain mail (55% to hit)
You throw a poisoned dart {throwing}.
The poisoned dart {throwing} hits the orc knight!
The orc knight is poisoned.
The orc knight shouts!
The orc knight roars a battlecry!
The orc knights go into a battle-frenzy!
Throw: 13 darts (poison) {throwing}
Press: ? - help, Q - select action, (/) - cycle Shift-Dir - straight line, f/p - orc knight
Aim: an orc knight, wielding a +0 glaive and wearing a +0 chain mail (strong, very poisoned, 55% to hit)
You throw a poisoned dart {throwing}.
The poisoned dart {throwing} hits the orc knight!
The orc knight looks as sick as possible!
Throw: 12 darts (poison) {throwing}
Press: ? - help, Q - select action, (/) - cycle Shift-Dir - straight line, f/p - orc knight
Aim: an orc knight, wielding a +0 glaive and wearing a +0 chain mail (lightly wounded, strong, extremely poisoned, 55% to hit)
You throw a poisoned dart {throwing}.
The poisoned dart {throwing} hits the orc knight!
The orc knight looks as sick as possible!
The orc knight attacks as it pursues you!
The orc knight hits you but does no damage.
The orc knight roars a battlecry!
The orc knight goes into a battle-frenzy!
The orc knight barely misses you.
Throw: 11 darts (poison) {throwing}
Press: ? - help, Q - select action, (/) - cycle Shift-Dir - straight line, f/p - orc knight
Aim: an orc knight, wielding a +0 glaive and wearing a +0 chain mail (moderately wounded, strong, extremely poisoned, 55% to hit)
You throw a poisoned dart {throwing}.
The poisoned dart {throwing} hits the orc knight.
The orc knight looks as sick as possible!
You block the orc knight's attack.
The orc knight hits you from afar with a +0 glaive! 😕 HP[-12]
You take 12 damage, and now have 76/88 hp.
The orc knight hits you with a +0 halberd!
The orc knight completely misses you. You furiously retaliate!
You headbutt the orc knight!
The orc knight hits you with a +0 glaive!
You see here a poisoned dart {throwing}. 😮 HP[-15]
You take 15 damage, and now have 61/88 hp.
You closely miss the orc knight. x3; You block the orc knight's attack.
The orc knight hits you with a +0 glaive.
The orc knight hits you with a +0 glaive!
* * * LOW HITPOINT WARNING * * *
😨 HP[-22]
You take 22 damage, and now have 39/88 hp.
MASSIVE DAMAGE!! (PAUSE)
The orc knight hits you from afar with a +0 halberd!!
* * * LOW HITPOINT WARNING * * *
The orc knight hits you from afar with a +0 glaive!!
You die...

Skill      XL: |  1  2  3  4  5  6  7  8  9 10 |
---------------+-------------------------------+-----
Axes           | 3 4 5 6 8 10 | 10.6
Fighting       | 4 5 6 8 |  8.2
Shields        | 4 5 6 7 8 |  8.0
Armour         | 4 5 6 7 8 |  8.0
Throwing       | 1 2 3 4 5 |  5.8

Action                     |  1- 3 |  4- 6 |  7- 9 | 10-12 || total
---------------------------+-------+-------+-------+-------++-------
  Melee: War axe           |    59 |   151 |   244 |    49 ||   503
         Headbutt          |     9 |    23 |    51 |    11 ||    94
  Throw: Dart              |       |       |       |     4 ||     4
 Armour: Scale mail        |    17 |       |       |       ||    17
         Plate armour      |    34 |   145 |   390 |    48 ||   617
  Dodge: Dodged            |    17 |    43 |   135 |    32 ||   227
  Block: Buckler           |    10 |    43 |    99 |    18 ||   170

Levels and vault maps discovered:
D:1:      nzn_arrival_settlement, layout_basic
D:2:      layout_basic, basic_altar, uniq_natasha
D:3:      layout_basic, minmay_overflow_temple_star_quad, kennysheep_nub,
          uniq_jessica
D:4:      layout_rooms, uniq_crazy_yiuf_cottage
D:5:      layout_basic, mainiacjoe_sewer_entry_somewhere_in_here_2, uniq_pikel
D:6:      layout_gridville, kennysheep_generic_room_16
D:7:      layout_cave_pools, minmay_temple_entry_statues_pillars, enter_bailey_5
Bailey:   bailey_polearm_2, bailey

Notes
Turn   | Place    | Note
-------+----------+-------------------------------------------
     0 | D:1      | Sanktem7 the Minotaur Fighter began the quest for the Orb.
     0 | D:1      | Reached XP level 1. HP: 19/19 MP: 0/0
     0 | D:1      | magus.rc [v1.9.6]
   116 | D:1      | Reached XP level 2. HP: 18/27 MP: 1/1
   121 | D:1      | Reached skill level 3 in Axes
   932 | D:2      | Reached skill level 4 in Fighting
   932 | D:2      | Reached skill level 4 in Shields
   932 | D:2      | Reached XP level 3. HP: 33/33 MP: 2/2
   971 | D:2      | Reached skill level 4 in Armour
  1036 | D:2      | Noticed Natasha
  1047 | D:2      | Killed Natasha
  1114 | D:2      | Noticed Natasha
  1116 | D:2      | Reached XP level 4. HP: 40/40 MP: 3/3
  1128 | D:2      | Killed Natasha
  1129 | D:2      | Reached skill level 4 in Axes
  1129 | D:2      | Reached skill level 1 in Throwing
  1207 | D:2      | You pick up a book of the Tundra and begin reading...
  1207 | D:2      | You add the spells Hailstorm, Summon Ice Beast and
                  | Simulacrum to your library.
  1424 | D:2      | Found an opulent altar of Gozag.
  1426 | D:2      | Reached XP level 5. HP: 47/47 MP: 4/4
  1508 | D:2      | Noticed Natasha
  1515 | D:2      | Killed Natasha
  1674 | D:3      | Noticed Jessica
  1685 | D:3      | Killed Jessica
  1691 | D:3      | You pick up a book of Armaments and begin reading...
  1691 | D:3      | You add the spells Stone Arrow, Animate Armour and
                  | Lehudib's Crystal Spear to your library.
  1803 | D:3      | You pick up a book of the Moon and begin reading...
  1803 | D:3      | You add the spells Passage of Golubria and Silence to your
                  | library.
  2072 | D:3      | Found a hide-covered altar of Uskayaw.
  2074 | D:3      | Found an opulent altar of Gozag.
  2077 | D:3      | Found a shimmering blue altar of Sif Muna.
  2226 | D:4      | Reached skill level 5 in Axes
  2226 | D:4      | Reached XP level 6. HP: 43/53 MP: 5/5
  2261 | D:4      | You pick up a book of Minor Magic and begin reading...
  2261 | D:4      | You add the spells Magic Dart, Call Imp and Mephitic Cloud
                  | to your library.
  2341 | D:4      | Reached skill level 2 in Throwing
  2594 | D:4      | Reached skill level 5 in Fighting
  2889 | D:4      | Found a runed translucent door.
  2890 | D:4      | Noticed Crazy Yiuf
  2895 | D:4      | Killed Crazy Yiuf
  2896 | D:4      | Reached skill level 5 in Armour
  2944 | D:5      | Entered Level 5 of the Dungeon
  2971 | D:5      | Reached skill level 5 in Shields
  3114 | D:5      | Reached XP level 7. HP: 27/61 MP: 6/6
  3115 | D:5      | HP: 2/61 [sleepcap (20)]
  3126 | D:4      | HP: 1/61 [howler monkey (5)]
  3332 | D:4      | Reached skill level 6 in Axes
  3528 | D:4      | Reached skill level 3 in Throwing
  3623 | D:5      | Reached XP level 8. HP: 70/70 MP: 7/7
  3644 | D:5      | Reached skill level 7 in Axes
  3841 | D:5      | Noticed Pikel
  3865 | D:5      | Killed Pikel
  3866 | D:5      | Reached skill level 6 in Fighting
  3866 | D:5      | Reached skill level 4 in Throwing
  3866 | D:5      | Reached skill level 6 in Armour
  3866 | D:5      | Reached skill level 6 in Shields
  4330 | D:5      | HP: 17/71 [poisoned by a water moccasin]
  4335 | D:5      | HP: 9/71 [poisoned by a water moccasin]
  4336 | D:5      | Reached skill level 8 in Axes
  4544 | D:5      | You pick up a book of Armaments and begin reading...
  4942 | D:6      | Reached XP level 9. HP: 62/78 MP: 8/8
  5021 | D:6      | Reached skill level 7 in Fighting
  5079 | D:6      | Reached skill level 7 in Shields
  5172 | D:6      | Reached skill level 9 in Axes
  5194 | D:6      | Reached skill level 7 in Armour
  5434 | D:6      | Reached skill level 5 in Throwing
  5902 | D:6      | Reached skill level 10 in Axes
  5902 | D:6      | HP: 20/80 [poisoned by a water moccasin]
  5907 | D:6      | HP: 15/80 [poisoned by a water moccasin]
  6362 | D:7      | Found a flagged portal.
  6371 | Bailey   | Entered a bailey
  6391 | Bailey   | Reached skill level 8 in Fighting
  6393 | Bailey   | Reached XP level 10. HP: 75/88 MP: 9/9
  6683 | Bailey   | Reached skill level 8 in Armour
  6683 | Bailey   | Reached skill level 8 in Shields
  6790 | Bailey   | Noticed an orc knight
  6791 | Bailey   | Noticed an orc knight
  6791 | Bailey   | Noticed an orc knight
  6802 | Bailey   | HP: 6/88 [orc knight/+0 halberd (33)]
  6802 | Bailey   | Demolished by an orc knight

Vanquished Creatures
  Pikel (D:5)
  5 yaks (D:6)
  A steam dragon (D:6)
  4 water moccasins
  3 ice beasts
  7 orc warriors (Bailey)
  A sky beast (D:7)
  A black bear (D:6)
  2 centaurs
  An ogre (D:5)
  A phantom (D:6)
  4 lemures (D:5)
  A kobold brigand (D:7)
  A gnoll sergeant (D:7)
  A scorpion (D:5)
  4 howler monkeys
  2 hounds
  3 jellies
  An orc priest (D:6)
  Crazy Yiuf (D:4)
  Jessica (D:3)
  4 iguanas
  3 orc wizards
  2 sleepcaps
  Natasha (thrice) (D:2)
  17 gnolls
  7 adders
  A white imp (D:7)
  2 ufetubi (D:6)
  3 dart slugs
  31 orcs
  11 ball pythons
  8 endoplasms
  7 giant cockroaches
  11 goblins
  9 hobgoblins
  3 quokkas
  8 bats
  4 frilled lizards
  10 kobolds
  5 rats
195 creatures vanquished.

Vanquished Creatures (others)
  An orc wizard (D:6)
1 creature vanquished.

Grand Total: 196 creatures vanquished

Table legend:
 A = Non-vault XP
 B = Vault XP
 C = Vault XP percentage of total XP
 D = Non-vault monster count
 E = Vault monster count
 F = Vault count percentage of total count
                 A         B        C        D         E       F
            +---------+---------+-------+---------+---------+-------
      Total |    4547 |    1743 |  27.7 |     159 |      33 |  17.2
            +---------+---------+-------+---------+---------+-------
        D:1 |      36 |       0 |   0.0 |      20 |       0 |   0.0
        D:2 |     171 |      35 |  17.0 |      31 |       1 |   3.1
        D:3 |      23 |      37 |  61.7 |      12 |       1 |   7.7
        D:4 |     688 |      40 |   5.5 |      30 |       1 |   3.2
        D:5 |     775 |     662 |  46.1 |      17 |       8 |  32.0
        D:6 |    2193 |       0 |   0.0 |      28 |       0 |   0.0
        D:7 |     661 |       8 |   1.2 |      21 |       4 |  16.0
     Bailey |       0 |     961 | 100.0 |       0 |      18 | 100.0
            +---------+---------+-------+---------+---------+-------

Skill      XL: |  1  2  3  4  5  6  7  8  9 10 |
---------------+-------------------------------+-----
Axes           | 3 4 5 6 8 10 | 10.6
Fighting       | 4 5 6 8 |  8.2
Shields        | 4 5 6 7 8 |  8.0
Armour         | 4 5 6 7 8 |  8.0
Throwing       | 1 2 3 4 5 |  5.8

Action                     |  1- 3 |  4- 6 |  7- 9 | 10-12 || total
---------------------------+-------+-------+-------+-------++-------
  Melee: War axe           |    59 |   151 |   244 |    49 ||   503
         Headbutt          |     9 |    23 |    51 |    11 ||    94
  Throw: Dart              |       |       |       |     4 ||     4
 Armour: Scale mail        |    17 |       |       |       ||    17
         Plate armour      |    34 |   145 |   390 |    48 ||   617
  Dodge: Dodged            |    17 |    43 |   135 |    32 ||   227
  Block: Buckler           |    10 |    43 |    99 |    18 ||   170

Illustrated notes

Table legend:
 A = Kills in this place as a percentage of kills in the entire game.
 B = Kills by you in this place as a percentage of kills by you in the entire game.
 C = Kills by friends in this place as a percentage of kills by friends in the entire game.
 D = Other kills in this place as a percentage of other kills in the entire game.
 E = Experience gained in this place as a percentage of experience gained in the entire game.
 F = Experience gained in this place divided by the number of levels of this place that you have seen.
                   A       B       C       D       E      F
               +-------+-------+-------+-------+-------+----------------------
         Total | 100.0 | 100.0 |   N/A | 100.0 | 100.0 | 786.2
       Dungeon |  90.6 |  90.6 |   N/A | 100.0 |  84.7 | 761.3
        Bailey |   9.4 |   9.4 |   N/A |   0.0 |  15.3 | 961.0
               +-------+-------+-------+-------+-------+----------------------

Table legend: (Time is in decaauts)
 A = Elapsed time spent in this place.
 B = Non-inter-level travel time spent in this place.
 C = Inter-level travel time spent in this place.
 D = Time resting spent in this place.
 E = Time spent auto-exploring this place.
 F = Levels seen in this place.
 G = Mean time per level.
                   A        B        C        D        E       F      G
               +--------+--------+--------+--------+--------+-----+--------+
         Total |   6914 |   6722 |    192 |    778 |   4445 |   8 |  864.2 |
       Dungeon |   6486 |   6294 |    192 |    778 |   4151 |   7 |  926.6 |
        Bailey |    427 |    427 |      0 |      0 |    294 |   1 |  427.0 |
               +--------+--------+--------+--------+--------+-----+--------+

Top non-repeatable levels by time:
     D:5: 1492 daAuts
     D:6: 1230 daAuts
     D:4: 1089 daAuts
     D:1: 915 daAuts
     D:3: 750 daAuts
     D:2: 733 daAuts
  Bailey: 427 daAuts
     D:7: 275 daAuts
